 Dungeon Sprint DCSS version 0.24.1-14-gf8d2b509d9 (webtiles) character file.

Game seed: 10987567216784856223, levelgen mode: deterministic

813 enile the Fighter (level 7, -4/76 (77) HPs)
             Began as a Hill Orc Fighter on Feb 15, 2022.
             Was a Believer of Uskayaw.
             Slain by an earth elemental (8 damage)
             ... in the Dungeon (Sprint V: "Ziggurat Sprint").
             The game lasted 00:03:12 (517 turns).

enile the Fighter (Hill Orc Fighter)                 Turns: 517, Time: 00:03:12

HP:   -4/76 (77)    AC: 23    Str: 35    XL:     7   Next: 93%
MP:   7/7           EV:  5    Int:  8    God:    Uskayaw [**....]
Gold: 0             SH: 13    Dex: 10    Spells: 6/6 levels left

rFire    + + +     SeeInvis .   Q - +10 mace "Faishrea" {pain, -Tele rF+++ rC+ MR+}
rCold    + . .     Gourm    .   c - +0 shield
rNeg     . . .     Faith    .   J - +5 crystal plate armour
rPois    .         Spirit   .   (no helmet)
rElec    .         Reflect  .   (no cloak)
rCorr    .         Harm     .   (no gloves)
MR       +....     NoTele   +   (no boots)
Stlth    ..........             L - amulet "Wetweo" {+Rage Str+2}
HPRegen  0.22/turn              B - +6 ring of strength
MPRegen  0.10/turn              C - +6 ring of strength

@: no status effects
A: no striking features
a: Stomp, Line Pass, Renounce Religion, Evoke Berserk Rage


You were in the Dungeon.
You worshipped Uskayaw.
Uskayaw was noncommittal.
You were not hungry.

You visited 1 branch

Inventory:

Hand Weapons
 a - a +0 war axe
 G - the +10 dark maul {crush}
   (You found it in the Dungeon)

   It inflicts extra damage upon your enemies.
 Q - the +10 mace "Faishrea" (weapon) {pain, -Tele rF+++ rC+ MR+}
   (You found it in the Dungeon)

   In the hands of one skilled in necromantic magic, it inflicts extra damage on
   living creatures.
   It renders you almost immune to fire.
   It protects you from cold.
   It affects your resistance to hostile enchantments.
   It prevents most forms of teleportation.
Armour
 b - a +0 scale mail
 c - a +0 shield (worn)
 I - a +3 buckler
 J - a +5 crystal plate armour (worn)
 S - the cursed +0 ring mail of Tagenengei {rPois}
   (You found it in the Dungeon)

   It protects you from poison.
   It has a curse placed upon it.
Jewellery
 w - an uncursed ring of flight
 x - a +6 ring of dexterity
 y - a +6 ring of dexterity
 z - a +6 ring of intelligence
 A - a +6 ring of intelligence
 B - a +6 ring of strength (left hand)
 C - a +6 ring of strength (right hand)
 K - a +4 ring of strength
 L - the amulet "Wetweo" (around neck) {+Rage Str+2}
   (You found it in the Dungeon)

   [amulet of rage]

   It affects your strength (+2).
   It lets you go berserk.
 T - an uncursed amulet of guardian spirit
Wands
 D - a wand of disintegration (7)
 E - a wand of iceblast (5) (quivered)
 F - a wand of acid (7)
Scrolls
 k - 4 scrolls of blinking
 q - 4 scrolls of amnesia
 r - 7 scrolls of fog
 s - a scroll of holy word
 t - 5 scrolls of identify
 u - 5 scrolls of remove curse
 v - 2 scrolls of fear
 N - a scroll of brand weapon
Potions
 d - 6 potions of might
 e - 10 potions of curing
 g - 10 potions of heal wounds
 h - 6 potions of haste
 i - 7 potions of magic
 j - 3 potions of berserk rage
 l - 2 potions of brilliance
 m - 2 potions of invisibility
 n - 4 potions of resistance
 o - a potion of experience
 p - 5 potions of agility
Miscellaneous
 H - a lightning rod (4/4)
 M - a crystal ball of energy
 O - 3 phantom mirrors
 P - a phial of floods
 R - a fan of gales
Comestibles
 f - 7 rations


   Skills:
 - Level 12.0 Fighting
 - Level 10.3 Axes
 - Level 6.7 Armour
 + Level 11.2 Shields


You had 6 spell levels left.
You didn't know any spells.
Your spell library contained the following spells:

 Spells                   Type           Power        Failure   Level  Hunger
 Infusion                 Chrm           #...         100%        1    ##.....
 Shroud of Golubria       Chrm/Tloc      #.....       100%        2    ###....
 Song of Slaying          Chrm           #.......     100%        2    ###....
 Regeneration             Chrm/Necr      #.........   100%        3    ####...
 Spectral Weapon          Hex/Chrm       #.......     100%        3    ####...


Dungeon Overview and Level Annotations

Branches:
Dungeon (1/1)

Altars:
Ashenzari
Cheibriados
Dithmenos
Elyvilon
Fedhas
Gozag
Hepliaklqana
Kikubaaqudgha
Makhleb
Nemelex Xobeh
Okawaru
Qazlal
Ru
Sif Muna
Trog
Uskayaw
Vehumet
Wu Jian
Xom
Yredelemnul
Zin
The Shining One
Beogh
Jiyva
Lugonu

Annotations:
D 1 transporter


Message History

The bolt of cold hits you! You resist.
You can now pass through a line of other dancers.
The deep elf knight hits you with a cursed +0 scimitar.
You block the deep elf mage's attack. The earth elemental hits you.
The deep elf mage casts a spell at you. The bolt of cold hits you. You resist.
Found a transporter.
Your crystal plate armour prevents you from hitting the deep elf mage.
The deep elf knight gestures at you while chanting.
The stone arrow hits you!
* * * LOW HITPOINT WARNING * * *
You block the earth elemental's attack.
The deep elf mage hits you but does no damage.
You block the deep elf knight's attack.
The deep elf mage hits you but does no damage.
Your crystal plate armour prevents you from hitting the deep elf mage.
You block the deep elf knight's attack. The earth elemental hits you!
* * * LOW HITPOINT WARNING * * *
The earth elemental hits you!
You die...

▓▓▓▓▓▓▓▓▓▓▓▓▓▓▓▓▓▓▓
▓..8©8..▓ ▓..))|..▓
▓..)}|..▓ ▓.......▓
▓.......▓ ▓..e....▓
▓.EeEe..▓ ▓.▓@E.▓.▓
▓Ee.e...▓ ▓▓▓▓▓▓▓▓▓


You could see a deep elf annihilator, a deep elf knight, 4 earth elementals and
3 deep elf magi.

Vanquished Creatures
  A tarantella (D)
  2 golden eyes (D)
  A necrophage (D)
  A phantom (D)
  2 scorpions (D)
  3 jellies (D)
  A mummy (D)
  2 white imps (D)
  An adder zombie (D)
  A bat skeleton (D)
  A giant cockroach zombie (D)
  A jackal skeleton (D)
  A quokka skeleton (D)
18 creatures vanquished.

Notes
Turn   | Place    | Note
-------+----------+-------------------------------------------
     0 | D        | enile the Hill Orc Fighter began the quest for the Orb.
     0 | D        | Reached XP level 1. HP: 19/19 MP: 1/1
     0 | D        | Found a shimmering blue altar of Sif Muna.
     0 | D        | Found a sacrificial altar of Ru.
     0 | D        | Found a bloodstained altar of Trog.
     0 | D        | Found a stormy altar of Qazlal.
     0 | D        | Found an iron altar of Okawaru.
     0 | D        | Found a sparkling altar of Nemelex Xobeh.
     0 | D        | Found a blossoming altar of Fedhas.
     1 | D        | Found the +6 Majin-Bo {vamp, Archmagi MP+6 Int+6}
     1 | D        | Found the +7 great mace "Firestarter" {inner flame, rF++}
     2 | D        | Found a transporter.
     2 | D        | Found an ancient bone altar of Kikubaaqudgha.
     2 | D        | Found a viscous altar of Jiyva.
     2 | D        | Found a corrupted altar of Lugonu.
     2 | D        | Found a hazy altar of Hepliaklqana.
     2 | D        | Found a burning altar of Makhleb.
     2 | D        | Found an opulent altar of Gozag.
    46 | D        | Found the +9 heavy crossbow "Sniper" {velocity, Acc+∞ SInv}
    46 | D        | Found the +10 dark maul {crush}
    46 | D        | Found the +15 Maxwell's patent armour {-Cast -Tele rElec
                  | MR+ rCorr}
    46 | D        | Found the +18 shield of the Gong {rElec rN+ MR+ EV-5}
    46 | D        | Found the cursed +14 obsidian axe {chop, +Fly SInv *Curse}
    48 | D        | Found the +6 shillelagh "Devastator" {shatter}
    48 | D        | Found the +11 plutonium sword {*Contam Stlth-}
    48 | D        | Found the +8 lance "Wyrmbane" {slay drac, rPois rF+ rC+
                  | AC+3}
    48 | D        | Found the +9 sword of Zonguldrok {reap}
    48 | D        | Found the cursed +13 scythe of Curses {drain, *Curse}
    48 | D        | Found the +0 sword of Power
    48 | D        | Found the +7 mace of Variability {chain chaos}
    48 | D        | Found the +7 Singing Sword {slice, sonic wave}
    48 | D        | Found the +8 storm bow {elec, penet}
    63 | D        | Became a worshipper of Uskayaw the Reveler
   102 | D        | Entered arena 2.
   102 | D        | Found a transporter.
   104 | D        | Reached * piety under Uskayaw
   105 | D        | Reached skill level 4 in Fighting
   105 | D        | Reached XP level 2. HP: 17/28 MP: 2/2
   105 | D        | Reached ** piety under Uskayaw
   113 | D        | Got the amulet "Wetweo" {+Rage Str+2}
   117 | D        | Entered arena 3.
   117 | D        | Noticed a tarantella
   117 | D        | Noticed a scorpion
   117 | D        | Noticed a scorpion
   117 | D        | Found a transporter.
   119 | D        | Killed a tarantella
   119 | D        | Reached skill level 12 in Fighting
   119 | D        | Reached XP level 3. HP: 31/48 MP: 3/3
   119 | D        | Reached XP level 4. HP: 37/56 MP: 4/4
   119 | D        | Reached XP level 5. HP: 41/62 MP: 5/5
   119 | D        | Reached *** piety under Uskayaw
   127 | D        | Reached XP level 6. HP: 31/70 MP: 6/6
   409 | D        | Entered arena 4.
   409 | D        | Found a transporter.
   434 | D        | Got the +10 mace "Faishrea" {pain, -Tele rF+++ rC+ MR+}
   439 | D        | Entered arena 5.
   439 | D        | Noticed a phantom
   439 | D        | Noticed a necrophage
   439 | D        | Found a transporter.
   448 | D        | Killed a necrophage
   448 | D        | Reached skill level 10 in Axes
   448 | D        | Reached **** piety under Uskayaw
   449 | D        | Killed a phantom
   449 | D        | Reached XP level 7. HP: 76/76 MP: 7/7
   461 | D        | Got the cursed +0 ring mail of Tagenengei {rPois}
   465 | D        | Entered arena 6.
   465 | D        | Noticed a golden eye
   465 | D        | Noticed a golden eye
   465 | D        | Found a transporter.
   480 | D        | Killed a golden eye
   480 | D        | Reached skill level 10 in Shields
   484 | D        | Killed a golden eye
   484 | D        | Reached ***** piety under Uskayaw
   508 | D        | Entered arena 7.
   508 | D        | Noticed a deep elf mage
   508 | D        | Noticed a deep elf knight
   508 | D        | Noticed a deep elf mage
   508 | D        | Noticed a deep elf annihilator
   508 | D        | Noticed a deep elf mage
   515 | D        | Found a transporter.
   517 | D        | Slain by an earth elemental

Levels and vault maps discovered:
D:        sprint_v [room_start, room_1, room_2, room_3, room_4, room_5, room_6,
          room_7, room_8, room_9, room_10, room_11, room_12, room_13, room_14,
          room_15, room_16, room_17, room_18, room_19, room_20, room_21,
          room_22, room_23, room_24, room_25, room_26, room_27]

Skill      XL: |  1  2  3  4  5  6  7 |
---------------+----------------------+-----
Axes           | 4 6 10 | 10.3
Fighting       | 4 12 | 12.0
Armour         | 4 6 |  6.7
Shields        | 4 6 11 | 11.2

Action                   |  1- 3 |  4- 6 |  7- 9 || total
-------------------------+-------+-------+-------++-------
Melee: War axe           |     3 |    14 |       ||    17
       Mace              |       |     7 |    17 ||    24
 Abil: Evoke Berserk Rag |       |     1 |       ||     1
Evoke: Wand              |     1 |     1 |       ||     2
 Stab: Paralysed         |       |     1 |       ||     1
Armor: Crystal plate arm |       |    31 |    19 ||    50
Dodge: Dodged            |       |     3 |     3 ||     6
Block: Shield            |     1 |     8 |     8 ||    17
